AoeStats
← JAGR | Ojimenezg87

Arabia

509814434Analyzed
1v1 RM · 6d ago on Sep 28, 2026· 38m 27s· 2 players
Game mode
Random Map
Map size
Tiny (2 player)
Population
200
Speed
Normal
Resources
Standard
Victory
Conquest
Starting age
Dark Age
Ending age
Imperial Age
RankedLock teamsTeams togetherTeam positionsShared explorationLock speedFull tech treeHidden civsTurbo modeCheats
Victory
Defeat
🇵🇪 Britons · Peru
877
+15
🇨🇴 Byzantines · Colombia
862
-15
JAGR | Ojimenezg87
5:08 Loom
10:32 Feudal Age
12:12 Double-Bit Axe
12:09 Horse Collar
12:27 Man-at-Arms
20:44 Castle Age
19:39 Fletching
20:02 Forging
21:32 Elite Skirmisher
21:36 Pikeman
23:27 Wheelbarrow
22:27 Long Swordsman
24:32 Ballistics
25:12 Padded Archer Armor
33:11 Imperial Age
31:31 Bodkin Arrow
31:56 Murder Holes
35:13 Chemistry
35:32 Fervor
35:27 Greek Fire
36:14 Guilds
renzo9588
0:26 Loom
12:17 Feudal Age
15:43 Double-Bit Axe
19:41 Castle Age
22:58 Bow Saw
25:53 Fletching
26:04 Padded Archer Armor
30:49 Bodkin Arrow
31:09 Leather Archer Armor
31:46 Wheelbarrow
32:03 Gold Mining
32:08 Stone Mining
32:02 Horse Collar
32:11 Town Watch
38:39 Ballistics
Connection lost

Rejoining the realm…

Still unreachable

The connection could not be restored.

Session expired

The server has moved on; the page needs a fresh start.